 Dungeon Crawl Stone Soup version 0.22.0-5-gf09313c (webtiles) character file.

74 Lew the Skirmisher (level 4, 0/31 HPs)
             Began as an Octopode Fighter on Aug 13, 2018.
             Succumbed to an adder's poison
             ... on level 2 of the Dungeon.
             The game lasted 00:02:11 (869 turns).

Lew the Skirmisher (Octopode Fighter)                Turns: 869, Time: 00:02:12

Health: 0/31       AC:  1    Str: 16    XL:     4   Next: 30%
Magic:  4/4        EV: 11    Int: 10    God:
Gold:   28         SH:  8    Dex: 11    Spells: 3/3 levels left

rFire    . . .     SeeInvis .   a - +0 trident
rCold    . . .     Gourm    .   b - +0 shield
rNeg     . . .     Faith    .   (helmet restricted)
rPois    .         Spirit   .   (no amulet)
rElec    .         Reflect  .   (no ring)
rCorr    .         Harm     .   (no ring)
MR       .....                  (no ring)
Stlth    +++.......             (no ring)
HPRegen  0.10/turn              (no ring)
MPRegen  0.09/turn              (no ring)
                                (no ring)
                                (no ring)

@: lethally poisoned (0 -> -3), berserk cooldown, flying
A: almost no armour, stealthy swim, amphibious, 8 rings, constrict 8, camouflage
1, gelatinous body 1
a: no special abilities


You were on level 2 of the Dungeon.
You were not hungry.

You visited 1 branch of the dungeon, and saw 2 of its levels.

You collected 28 gold pieces.

Inventory:

Hand Weapons
 a - a +0 trident (weapon)
Armour
 b - a +0 shield (worn)
Scrolls
 f - 2 scrolls of remove curse {unknown}
 g - a scroll of identify {unknown}
Potions
 c - a potion of might
Comestibles
 d - a ration


   Skills:
 + Level 3.4 Fighting
 + Level 2.6 Polearms
 + Level 3.4 Dodging
 * Level 3.3 Stealth
 - Level 3.0 Shields


You had 3 spell levels left.
You didn't know any spells.
Your spell library was empty.

Dungeon Overview and Level Annotations

Branches:
Dungeon (2/15)

Altars:


Innate Abilities, Weirdness & Mutations

You cannot wear most types of armour.
You are very stealthy in the water. (Stealth+)
You are amphibious.
You can wear up to eight rings at the same time.
You can use your tentacles to constrict eight enemies at once.
Your skin changes colour to match your surroundings (Stealth+).
Your rubbery body absorbs attacks. (AC +1, EV +1)


Message History

You are too berserk!
You feel a strong urge to attack something.
* * * LOW HITPOINT WARNING * * *
You feel sick.
You feel your anger nearly subside.
You are no longer berserk.
You are exhausted.
You feel yourself slow down.
It was a potion of cancellation.
Your magical effects are unravelling.
You feel magically purged.
You feel yourself speed up.
* * * LOW HITPOINT WARNING * * *
You feel sick.
It was a potion of flight.
You feel very buoyant.
You fly up into the air.
There is a lethal amount of poison in your body!
* * * LOW HITPOINT WARNING * * *
You feel sick.
You die...

.......... ..
...#.#...##.##.
.#.............
#.............#
..............#
..............#
.............=#
#@..!...##.
#####..$.......
#.$............
..>.###..<....##
.# #.......#
........#..#
?..###.#### ...
.. ... .. # ####


There were no monsters in sight!

Vanquished Creatures
  A jelly (D:2)
  An adder (D:2)
  2 dart slugs (D:1)
  A leopard gecko (D:1)
  3 giant cockroaches (D:1)
  3 goblins (D:1)
  5 hobgoblins (D:1)
  4 jackals (D:1)
  3 bats (D:1)
  2 frilled lizards (D:1)
  3 kobolds (D:1)
  3 rats (D:1)
31 creatures vanquished.

Notes
Turn   | Place    | Note
-------+----------+-------------------------------------------
     0 | D:1      | Lew the Octopode Fighter began the quest for the Orb.
     0 | D:1      | Reached XP level 1. HP: 16/16 MP: 1/1
    36 | D:1      | Reached skill level 1 in Stealth
    52 | D:1      | Reached XP level 2. HP: 4/21 MP: 2/2
   395 | D:1      | Reached XP level 3. HP: 25/26 MP: 3/3
   852 | D:2      | Reached XP level 4. HP: 8/31 MP: 4/4
   859 | D:2      | HP: 2/46 [poisoned by an adder]
   865 | D:2      | HP: 1/31 [poisoned by an adder]
   869 | D:2      | Succumbed to an adder's poison

Skill      XL: |  1  2  3 |
---------------+----------+-----
Stealth        | 1 2 3 |  3.3
Fighting       | |  3.4
Polearms       | |  2.6
Dodging        | |  3.4
Shields        | |  3.0

Action                   |  1- 3 |  4- 6 || total
-------------------------+-------+-------++-------
Melee: Trident           |    65 |     5 ||    70
       Tentacles         |     8 |       ||     8
       Constrict         |    11 |       ||    11
  Use: Potion            |       |     3 ||     3
 Stab: Sleeping          |     7 |       ||     7
Armor: Skin              |     5 |       ||     5
Dodge: Dodged            |    24 |     1 ||    25
Block: Shield            |    26 |     2 ||    28
